 Dungeon Crawl Stone Soup version 0.27-a0-1196-g3e9cee4cb2 (webtiles) character file.

Game seed: 1419338315258179814

59 freelancePsychic the Cutter (level 4, -3/21 HPs)
             Began as a Vine Stalker Fighter on May 28, 2021.
             Was a Follower of Hepliaklqana.
             Slain by an orc priest
             ... wielding a +0 mace
              (6 damage)
             ... on level 3 of the Dungeon.
             The game lasted 00:01:56 (1911 turns).

freelancePsychic the Cutter (Vine Stalker Fighter)  Turns: 1911, Time: 00:01:56

Health: -3/21      AC:  6    Str: 20    XL:     4   Next: 3%
Magic:  0/5        EV:  7    Int:  8    God:    Hepliaklqana [*.....]
Gold:   86         SH:  9    Dex: 13    Spells: 3/3 levels left

rFire    . . .     SeeInvis .   a - +0 rapier
rCold    . . .     Faith    .   c - +0 kite shield
rNeg     . . .     Spirit   +   b - +0 scale mail
rPois    .         Reflect  .   (no helmet)
rElec    .         Harm     .   (no cloak)
rCorr    .         Rampage  .   (no gloves)
Will     .....                  (no boots)
Stlth    ..........             (no amulet)
HPRegen  1.07/turn              (no ring)
MPRegen  0.09/turn              (no ring)

@: no status effects
A: reduced essence, fangs 2, regeneration 1, magic shield, antimagic bite, no
potion heal 2
a: Renounce Religion, Recall Ancestor, Ancestor Identity


You were on level 3 of the Dungeon.
You worshipped Hepliaklqana.
Hepliaklqana was aware of your devotion.
You visited 1 branch of the dungeon, and saw 3 of its levels.

You collected 86 gold pieces.

Inventory:

Hand Weapons
 a - a +0 rapier (weapon)
Armour
 b - a +0 scale mail (worn)
 c - a +0 kite shield (worn)
Scrolls
 f - a scroll of teleportation {unknown}
 g - a scroll of enchant armour {unknown}
 h - 2 scrolls of magic mapping {unknown}
Potions
 d - 2 potions of might
 e - a potion of cancellation
 i - 2 potions of heal wounds {unknown}
 j - a potion of lignification {unknown}


   Skills:
 + Level 3.2 Fighting
 * Level 3.3 Short Blades
 - Level 2.4 Armour
 - Level 2.6 Shields


You had 3 spell levels left.
You didn't know any spells.
Your spell library was empty.

Dungeon Overview and Level Annotations

Branches:
Dungeon (3/15)

Altars:
Hepliaklqana


Innate Abilities, Weirdness & Mutations

Your life essence is reduced to manifest your ancestor. (-10% HP)
You have extremely sharp teeth.
Your natural rate of healing is unusually fast.
When hurt, damage is shared between your health and your magic reserves.
Your bite disrupts and absorbs the magic of your enemies.
Potions cannot restore your health.


Message History

The orc wizard gestures at you while chanting.
The puff of flame hits you.
* * * LOW HITPOINT WARNING * * *
Eideard hits the orc.
The orc hits Eideard with a +0 hand axe.
The orc priest misses Eideard.
The orc wizard misses Eideard.
You swap places.
You block the orc priest's attack.
You hit the orc priest.
The orc priest is lightly wounded.
You hit the orc priest but do no damage.
You bite the orc priest, but do no damage.
The orc priest is lightly wounded.
The orc wizard points at itself and mumbles some strange words.
The orc wizard flickers and vanishes!
Deactivating autopickup; reactivate with Ctrl-A.
The orc priest hits you but does no damage.
The orc hits you but does no damage.
You hit the orc priest.
The orc priest is lightly wounded.
The orc priest hits you but does no damage.
You block the orc's attack.
You barely miss the orc priest.
The orc priest is lightly wounded.
The orc priest hits you with a +0 mace.
* * * LOW HITPOINT WARNING * * *
You hit the orc. Your bite misses the orc.
The orc is heavily wounded.
The orc priest calls upon Beogh to heal the orc.
The orc's wounds heal themselves!
You block the orc's attack.
You swap places.
The orc priest hits Eideard with a +0 mace.
Eideard closely misses the orc priest.
The orc barely misses Eideard.
You swap places.
The orc priest hits you with a +0 mace!
* * * LOW HITPOINT WARNING * * *
The orc closely misses you.
You hit the orc priest but do no damage.
Your bite misses the orc priest.
The orc priest is lightly wounded.
The orc priest hits you with a +0 mace.
You die...

....#
#.###.###.# #..
#.# #.# # #.#
#.## #.# #..# #
#.####.##.#
#...(.....#
######.####
##.##R#
####.o.#@#######
+.....{oo.......
####...#.#######
##.#..# ###.##
#.# #.# #.# #.#


You could see the friendly Eideard the ancestor, an orc priest (ally target) and
an orc.

Vanquished Creatures
  An adder (D:2)
  3 dart slugs
  2 bats
  4 endoplasms
  4 giant cockroaches
  A goblin (D:2)
  A hobgoblin (D:1)
  7 jackals (D:1)
  2 kobolds (D:1)
  3 quokkas
  4 ball pythons
  5 rats
37 creatures vanquished.

Notes
Turn   | Place    | Note
-------+----------+-------------------------------------------
     0 | D:1      | freelancePsychic the Vine Stalker Fighter began the quest
                  | for the Orb.
     0 | D:1      | Reached XP level 1. HP: 11/11 MP: 2/2
    63 | D:1      | Reached XP level 2. HP: 7/16 MP: 3/3
   463 | D:1      | Reached XP level 3. HP: 15/20 MP: 1/4
  1172 | D:2      | Found a hazy altar of Hepliaklqana.
  1191 | D:2      | Became a worshipper of Hepliaklqana the Forgotten
  1743 | D:2      | Gained mutation: Your natural rate of healing is unusually
                  | fast. [Vine Stalker growth]
  1743 | D:2      | Reached XP level 4. HP: 21/24 MP: 3/5
  1891 | D:3      | Reached * piety under Hepliaklqana
  1911 | D:3      | Slain by an orc priest

Illustrated notes

Levels and vault maps discovered:
D:1:      psy_arrival_conway, layout_basic
D:2:      layout_basic, basic_altar
D:3:      layout_loops_corners, portal_sewer_entry_d,
          hellmonk_ecumenical_altar_heavens_door, uniq_ijyb, uniq_terence

Skill      XL: |  1  2  3 |
---------------+----------+-----
Short Blades   | 2 3 |  3.3
Fighting       | 3 |  3.2
Armour         | |  2.4
Shields        | |  2.6

Action                   |  1- 3 |  4- 6 || total
-------------------------+-------+-------++-------
Melee: Rapier            |   112 |    14 ||   126
       Bite              |    26 |     5 ||    31
  Use: Scroll            |     1 |       ||     1
Armor: Scale mail        |    56 |     7 ||    63
Dodge: Dodged            |    34 |    10 ||    44
Block: Kite shield       |    68 |    10 ||    78

Table legend: (Time is in decaauts)
 A = Elapsed time spent in this place.
 B = Non-inter-level travel time spent in this place.
 C = Inter-level travel time spent in this place.
 D = Time resting spent in this place.
 E = Time spent auto-exploring this place.
 F = Levels seen in this place.
 G = Mean time per level.
                   A        B        C        D        E       F      G
               +--------+--------+--------+--------+--------+-----+--------+
         Total |   1953 |   1928 |     25 |      0 |   1620 |   3 |  651.0 |
       Dungeon |   1953 |   1928 |     25 |      0 |   1620 |   3 |  651.0 |
               +--------+--------+--------+--------+--------+-----+--------+

Top non-repeatable levels by time:
     D:1: 1133 daAuts
     D:2: 776 daAuts
     D:3: 43 daAuts
